 Dungeon Crawl Stone Soup version 0.29.1-15-g9cfb28693d (webtiles) character file.

Game seed: 14891332915119870138

2731 Calibrex the Fighter (level 9, -2/78 HPs)
             Began as a Demonspawn Berserker on Mar 31, 2023.
             Was a Priest of Trog.
             Slain by a bullfrog (5 damage)
             ... on level 7 of the Dungeon.
             The game lasted 00:18:35 (6682 turns).

Calibrex the Fighter (Demonspawn Berserker)         Turns: 6682, Time: 00:18:35

Health: -2/78      AC: 12    Str: 22    XL:     9   Next: 40%
Magic:  9/9        EV: 16    Int: 17    God:    Trog [***...]
Gold:   234        SH:  0    Dex: 13    Spells: 8/8 levels left

rFire   . . .      SeeInvis +   a - +0 falchion
rCold   + . .      Faith    .   (no shield)
rNeg    + . .      Spirit   .   g - +5 robe of Night {Dark Will+ SInv}
rPois   .          Reflect  .   (helmet restricted)
rElec   .          Harm     .   f - scarf {repulsion}
rCorr   .          Rampage  .   (no gloves)
Will    +....      NoTele   +   j - +1 pair of boots
Stlth   +.........              v - amulet of the Lumpy Wishes {RegenMP -Tele rC+ Int+9}
HPRegen 0.23/turn               k - ring of positive energy
MPRegen 0.51/turn               r - +4 ring of evasion

@: on berserk cooldown, slowed, repel missiles, very slow
A: antennae 2, slimy green scales 2, foul stench 2
a: Renounce Religion, Berserk, Trog's Hand


You were on level 7 of the Dungeon.
You worshipped Trog.
Trog was most pleased with you.
You visited 1 branch of the dungeon, and saw 7 of its levels.
You also visited: Sewer.

You collected 234 gold pieces.

Inventory:

Hand Weapons
 a - a +0 falchion (weapon)
Missiles
 e - 3 javelins
 h - 6 boomerangs
 o - 4 poisoned darts
 q - a curare-tipped dart
 H - 2 silver boomerangs
Armour
 f - a scarf of repulsion (worn)
 g - the +5 robe of Night (worn) {Dark Will+ SInv}
   (You found it on level 2 of the Dungeon)

   It shrouds the wearer in darkness, reducing the range at which they can see
   and be seen by others.
   SInv:      It lets you see invisible.
   Will:      It increases your willpower.
 j - a +1 pair of boots (worn)
Jewellery
 k - a ring of positive energy (left hand)
 n - a ring of see invisible
 r - a +4 ring of evasion (right hand)
 v - the amulet of the Lumpy Wishes (around neck) {RegenMP -Tele rC+ Int+9}
   (You found it on level 6 of the Dungeon)

   [amulet of magic regeneration]

   It increases your rate of magic regeneration.
   Int:       It affects your intelligence (+9).
   rC:        It protects you from cold.
   -Tele:     It prevents most forms of teleportation.
 C - a ring of protection from fire
 E - a +6 ring of strength
Wands
 t - a wand of flame (14)
 y - a wand of iceblast (9)
Scrolls
 p - 3 scrolls of blinking
 x - 4 scrolls of butterflies
 D - 2 scrolls of vulnerability {unknown}
 G - a scroll of immolation {unknown}
 I - a scroll of enchant weapon {unknown}
Potions
 b - a potion of flight
 c - a potion of curing
 d - a potion of might
 i - 2 potions of mutation
 l - 3 potions of attraction {unknown}
 m - a potion of invisibility {unknown}
 s - 3 potions of ambrosia
 u - a potion of berserk rage {unknown}
 w - 2 potions of degeneration {unknown}
 z - a potion of magic {unknown}
 A - a potion of lignification {unknown}
 B - 4 potions of heal wounds {unknown}
 F - a potion of brilliance {unknown}


   Skills:
 + Level 9.7 Fighting
 + Level 8.9 Long Blades
 - Level 1.7 Armour
 - Level 1.7 Dodging


You had 8 spell levels left.
You didn't know any spells.
Your spell library was empty.

Dungeon Overview and Level Annotations

Branches:
Dungeon (7/15)             Temple (0/1) D:5           Sewer (visited)

Altars:
Hepliaklqana
Makhleb


Innate Abilities, Weirdness & Mutations

You have a pair of antennae on your head.
You are mostly covered in slimy green scales. (AC +3)
You sometimes emit foul miasma when damaged in melee.


Message History

The boulder beetle is engulfed in dark miasma.
The boulder beetle looks as sick as possible!
The boulder beetle barely misses you.
You hit the boulder beetle.
You kill the boulder beetle!
Trog accepts your kill. The kobold closely misses you.
The kobold barely misses you.
You slash the kobold!
You kill the kobold!
Trog accepts your kill.
You closely miss the bullfrog.
The bullfrog hits you but does no damage.
The kobold completely misses you.
You slash the bullfrog!
The bullfrog is moderately wounded.
The bullfrog hits you but does no damage.
The kobold misses you.
You closely miss the bullfrog.
The bullfrog is moderately wounded.
The bullfrog hits you.
* * * LOW HITPOINT WARNING * * *
You barely miss the bullfrog.
The bullfrog is moderately wounded.
The bullfrog misses you. The kobold misses you.
You closely miss the bullfrog.
The bullfrog is moderately wounded.
You hit the bullfrog.
The bullfrog is heavily wounded.
The bullfrog misses you. The kobold completely misses you.
You hit the bullfrog.
The bullfrog is severely wounded.
You are no longer berserk.
You are exhausted.
You feel yourself slow down. The bullfrog hits you!
* * * LOW HITPOINT WARNING * * *
You barely miss the bullfrog.
The bullfrog is severely wounded.
The bullfrog barely misses you. The kobold barely misses you.
The bullfrog hits you.
You die...

... .#...
#.. .#...
##..#.....
.........
####.FK....
....°@)..#
.###).)..#
##...##
#####


You could see a bullfrog and a kobold.

Vanquished Creatures
  A boulder beetle (D:7)
  Grinder (D:4)
  Sigmund (D:4)
  Eustachio (D:6)
  An orc warrior (D:6)
  Pargi (Sewer)
  An ice beast (D:6)
  A black bear (D:4)
  2 ogres (D:5)
  2 kobold brigands
  3 bullfrogs
  A scorpion (D:5)
  2 necrophages
  A jelly (D:5)
  3 hounds
  An orc priest (D:3)
  An orc wizard (D:5)
  Natasha (twice) (D:3)
  2 iguanas (D:5)
  4 gnolls (D:3)
  10 adders
  3 river rats (D:3)
  A white imp (D:3)
  2 ufetubi (D:5)
  3 worms
  A dart slug (D:1)
  17 orcs
  7 ball pythons
  4 bats
  10 endoplasms
  3 giant cockroaches (D:3)
  5 goblins
  4 hobgoblins
  5 quokkas
  2 frilled lizards
  13 kobolds
  3 rats
125 creatures vanquished.

Vanquished Creatures (collateral kills)
  A quokka (D:5)
1 creature vanquished.

Vanquished Creatures (others)
  A kobold (D:7)
1 creature vanquished.

Grand Total: 127 creatures vanquished

Notes
Turn   | Place    | Note
-------+----------+-------------------------------------------
     0 | D:1      | Calibrex the Demonspawn Berserker began the quest for the
                  | Orb.
     0 | D:1      | Reached XP level 1. HP: 18/18 MP: 1/1
   384 | D:1      | Gained mutation: You are partially covered in slimy green
                  | scales. (AC +2) [demonic ancestry]
   384 | D:1      | Reached XP level 2. HP: 10/24 MP: 2/2
  1245 | D:2      | Found a faded altar of an unknown god.
  1318 | D:2      | Reached ** piety under Trog
  1382 | D:2      | Found the +5 robe of Night {Dark Will+ SInv}
  1423 | D:2      | Reached XP level 3. HP: 29/29 MP: 3/3
  2261 | D:3      | Reached skill level 4 in Fighting
  2263 | D:3      | Gained mutation: You are mostly covered in slimy green
                  | scales. (AC +3) [demonic ancestry]
  2263 | D:3      | Reached XP level 4. HP: 29/37 MP: 4/4
  2270 | D:3      | Noticed Natasha
  2282 | D:3      | Killed Natasha
  2550 | D:3      | Gained mutation: You may rarely emit foul miasma when
                  | damaged in melee. [demonic ancestry]
  2550 | D:3      | Reached XP level 5. HP: 28/43 MP: 5/5
  2659 | D:3      | Found a glowing drain.
  2663 | Sewer    | Entered a sewer
  2906 | Sewer    | Noticed Pargi
  2930 | Sewer    | Killed Pargi
  2931 | Sewer    | Reached skill level 5 in Fighting
  2931 | Sewer    | Gained mutation: You have a pair of small antennae on your
                  | head. [demonic ancestry]
  2931 | Sewer    | Reached XP level 6. HP: 44/51 MP: 6/6
  3139 | D:3      | Reached skill level 5 in Long Blades
  3259 | D:3      | Reached *** piety under Trog
  3431 | D:3      | Noticed Natasha
  3441 | D:3      | Killed Natasha
  3695 | D:4      | Found a hazy altar of Hepliaklqana.
  3703 | D:4      | Noticed Sigmund
  3711 | D:4      | Killed Sigmund
  3712 | D:4      | Reached skill level 6 in Fighting
  3712 | D:4      | Gained mutation: You sometimes emit foul miasma when
                  | damaged in melee. [demonic ancestry]
  3712 | D:4      | Reached XP level 7. HP: 58/58 MP: 7/7
  4127 | D:4      | Noticed Grinder
  4150 | D:4      | Paralysed by Grinder for 4 turns
  4169 | D:4      | Killed Grinder
  4170 | D:4      | Reached skill level 7 in Fighting
  4363 | D:5      | Entered Level 5 of the Dungeon
  4440 | D:5      | Reached XP level 8. HP: 44/67 MP: 8/8
  5084 | D:5      | Found a burning altar of Makhleb.
  5489 | D:5      | Found a staircase to the Ecumenical Temple.
  5815 | D:5      | Reached skill level 8 in Fighting
  6347 | D:6      | Identified the amulet of the Lumpy Wishes {RegenMP -Tele
                  | rC+ Int+9}
  6514 | D:6      | Noticed Eustachio
  6534 | D:6      | Killed Eustachio
  6535 | D:6      | Gained mutation: You have a pair of antennae on your head.
                  | [demonic ancestry]
  6535 | D:6      | Reached XP level 9. HP: 72/75 MP: 9/9
  6648 | D:7      | Noticed a boulder beetle
  6651 | D:7      | Reached skill level 9 in Fighting
  6673 | D:7      | Killed a boulder beetle
  6681 | D:7      | HP: 3/78 [bullfrog (7)]
  6682 | D:7      | Slain by a bullfrog

Illustrated notes

Levels and vault maps discovered:
D:1:      psy_arrival_radial01, layout_basic
D:2:      layout_basic, ebering_ecumenical_altar_box
D:3:      layout_loops_ring, gup_sewer_entry_spiral, minmay_crystal_room,
          uniq_natasha
D:4:      layout_cave_pools, lemuel_crystal_altar, uniq_grinder, uniq_sigmund
D:5:      layout_basic, minitemple, minmay_temple_entry_poolview
D:6:      layout_rooms, uniq_eustachio
D:7:      layout_loops_cross, nicolae_uskayaw_dance_hall, serial_shops,
          nicolae_shop_hallway_stairs, nicolae_stop_n_shop_2,
          nicolae_shop_overgrown_old_shop, kennysheep_little_box, shop,
          ebering_ghost_reflecting_pool

Skill      XL: |  1  2  3  4  5  6  7  8  9 |
---------------+----------------------------+-----
Long Blades    | 3 4 5 6 8 |  8.9
Fighting       | 4 5 6 7 8 9 |  9.7
Armour         | |  1.7
Dodging        | |  1.7

Action                   |  1- 3 |  4- 6 |  7- 9 || total
-------------------------+-------+-------+-------++-------
Melee: Falchion          |   132 |   221 |   330 ||   683
       Punch             |     1 |     2 |     2 ||     5
Invok: Berserk           |     2 |     3 |     3 ||     8
       Trog's Hand       |       |     1 |       ||     1
  Use: Scroll            |     4 |       |     8 ||    12
       Potion            |       |     1 |       ||     1
 Stab: Sleeping          |     1 |     2 |     1 ||     4
Armor: Animal skin       |     6 |       |       ||     6
       Ring mail         |    34 |       |       ||    34
       Leather armour    |     4 |       |       ||     4
       Robe              |     4 |    90 |   113 ||   207
       Scale mail        |     3 |       |       ||     3
Dodge: Dodged            |    90 |   211 |   297 ||   598
       Repelled          |       |     1 |       ||     1
